 Dungeon Crawl Stone Soup version 0.24-a0-489-g1c7b743a30 (webtiles) character file.

Game seed: 9337755853247237402

65716 GameOver the Cleaver (level 15, -24/140 HPs)
             Began as a Naga Wizard on July 8, 2019.
             Was the Champion of Kikubaaqudgha.
             Killed from afar by a deep elf sorcerer (45 damage)
             ... with damnation
             ... on level 1 of the Elven Halls on July 11, 2019.
             The game lasted 03:13:37 (17486 turns).

GameOver the Cleaver (Naga Wizard)                 Turns: 17486, Time: 03:13:38

Health: -24/140    AC: 20    Str:  9    XL:     15   Next: 17%
Magic:  15/26      EV:  7    Int: 24    God:    Kikubaaqudgha [******]
Gold:   1930       SH:  6    Dex: 11    Spells: 6/34 levels left

rFire    + . .     SeeInvis +   w - +4 broad axe (vamp)
rCold    + + .     Gourm    .   a - +2 buckler
rNeg     + . .     Faith    .   l - +0 troll leather armour
rPois    +         Spirit   .   q - +1 hat
rElec    .         Reflect  .   g - scarf {rC+ rF+}
rCorr    .         Harm     .   x - +0 pair of gloves
MR       ++...     Clarity  +   y - +4 naga barding {rC+}
Stlth    ++++......             E - amulet of Wiesm {+Inv +Fly rN+ MR+ Regen+}
HPRegen  2.13/turn              i - +5 ring of protection
MPRegen  0.20/turn              R - +5 ring of slaying

@: corroded, very slightly contaminated, regenerating, invisible, very slow
A: large, horns 1, camouflage 1, see invisible, clarity, deformed body, low mp
1, poison resistance, screaming 1, slowness 2, slow metabolism 1, spit poison 1,
constrict 1, AC +5
a: Spit Poison, Receive Corpses, Torment, Renounce Religion, Evoke Flight


You were on level 1 of the Elven Halls.
You worshipped Kikubaaqudgha.
Kikubaaqudgha was exalted by your worship.
You were not hungry.

You visited 5 branches of the dungeon, and saw 22 of its levels.
You also visited: Gauntlet.

You collected 2222 gold pieces.
You spent 292 gold pieces at shops.

Inventory:

Hand Weapons
 s - a +0 morningstar of crushing
 w - a +4 vampiric broad axe (weapon)
 S - a +0 morningstar of holy wrath
 W - a +5 war axe of pain
Armour
 a - a +2 buckler (worn)
 g - a scarf of resistance (worn)
 l - a +0 troll leather armour (worn)
 q - a +1 hat (worn)
 r - +0 steam dragon scales
 x - a +0 pair of gloves (worn)
 y - a +4 naga barding of cold resistance (worn)
Jewellery
 i - a +5 ring of protection (left hand)
 E - the amulet of Wiesm (around neck) {+Inv +Fly rN+ MR+ Regen+}
   (You found it in a Gauntlet)

   [amulet of regeneration]

   It protects you from negative energy.
   It affects your resistance to hostile enchantments.
   It lets you turn invisible.
   It lets you fly.
   It increases your rate of regeneration.
 G - an uncursed ring of resist corrosion
 J - an uncursed ring of protection from cold
 M - an uncursed ring of protection from fire
 R - a +5 ring of slaying (right hand)
Wands
 n - a wand of clouds (5)
 t - a wand of paralysis (15)
 A - a wand of flame (9)
 N - a wand of acid (3)
 Q - a wand of digging (17)
 V - a wand of iceblast (14)
Scrolls
 c - 2 scrolls of immolation
 h - 3 scrolls of teleportation
 j - 4 scrolls of enchant armour
 k - 4 scrolls of magic mapping
 v - a scroll of holy word
 B - 5 scrolls of remove curse
 C - a scroll of enchant weapon
 F - 3 scrolls of fog
 Z - 7 scrolls of amnesia
Potions
 b - a potion of haste
 e - a potion of invisibility
 m - 3 potions of heal wounds
 o - 2 potions of agility
 p - a potion of might
 z - 2 potions of curing
 K - 2 potions of brilliance
 O - a potion of ambrosia
 U - a potion of resistance
Miscellaneous
 D - a fan of gales
 T - a lightning rod (2/4)
Comestibles
 d - 38 rations


   Skills:
 - Level 10.8 Fighting
 - Level 11.7(12.0) Axes
 - Level 4.0(8.7) Maces & Flails
 - Level 5.0 Armour
 - Level 1.5 Dodging
 - Level 6.2 Stealth
 - Level 3.0 Shields
 + Level 10.0 Spellcasting
 + Level 6.0 Conjurations
 - Level 4.2 Charms
   Level 1.0 Summonings
 + Level 11.5 Necromancy
 - Level 2.0 Translocations
 + Level 0.6 Transmutations
 + Level 0.6 Fire Magic
 - Level 8.0 Poison Magic
 - Level 6.0 Evocations


You had 6 spell levels left.
You knew the following spells:

 Your Spells              Type           Power        Failure   Level  Hunger
a - Agony                 Necr           ######..     1%          5    ####...
b - Blink                 Tloc           N/A          4%          2    None
c - Dispel Undead         Necr           ######..     1%          5    ####...
d - Mephitic Cloud        Conj/Pois/Air  ####....     3%          3    None
f - Conjure Flame         Conj/Fire      ####....     5%          3    None
p - Sublimation of Blood  Necr           ######....   1%          2    None
v - Irradiate             Conj/Tmut      ####......   43%         5    ####...
x - Regeneration          Chrm/Necr      #####.....   1%          3    None

Your spell library contained the following spells:

 Spells                   Type           Power        Failure   Level  Hunger
 Animate Skeleton         Necr           N/A          1%          1    None
 Magic Dart               Conj           ####         1%          1    None
 Pain                     Necr           ####         1%          1    None
 Animate Dead             Necr           N/A          1%          4    #......
 Dazzling Spray           Conj/Hex       ####..       6%          3    None
 Ignite Poison            Fire/Tmut/Pois ####....     6%          3    None
 Corona                   Hex            ##.....      7%          1    None
 Call Imp                 Summ           ###.....     7%          2    None
 Excruciating Wounds      Chrm/Necr      #####.....   8%          5    ####...
 Ensorcelled Hibernation  Hex/Ice        ##....       11%         2    None
 Slow                     Hex            ##......     11%         2    None
 Borgnjor's Vile Clutch   Necr/Erth      #####.....   19%         5    ####...
 Confuse                  Hex            ##......     21%         3    None
 Tukima's Dance           Hex            ##......     21%         3    None
 Alistair's Intoxication  Tmut/Pois      ####....     32%         5    ####...
 Petrify                  Tmut/Erth      ##......     52%         4    #......
 Simulacrum               Ice/Necr       #####.....   69%         6    ######.
 Silence                  Hex/Air        ##........   88%         5    ####...
 Darkness                 Hex            ##........   100%        6    ######.
 Hydra Form               Tmut           ###.......   100%        6    ######.
 Shadow Creatures         Summ           N/A          100%        6    ######.
 Statue Form              Tmut/Erth      ##.......    100%        6    ######.
 Haunt                    Necr/Summ      #####.....   99%         7    #######
 Borgnjor's Revivificati  Necr           ######....   99%         8    #######
 Infestation              Necr           ######....   99%         8    #######
 Dragon Form              Tmut           ###.......   100%        7    #######
 Death's Door             Chrm/Necr      #####.....   100%        8    #######
 Necromutation            Tmut/Necr      #####.....   100%        8    #######


Dungeon Overview and Level Annotations

Branches:
Dungeon (12/15)            Temple (1/1) D:6            Lair (6/6) D:9
 Shoals (0/4) Lair:3       Spider (0/4) Lair:3        Slime (0/5) Lair:5
    Orc (2/2) D:11            Elf (1/3) Orc:2

Altars:
Cheibriados
Dithmenos
Elyvilon
Fedhas
Gozag
Hepliaklqana
Kikubaaqudgha
Makhleb
Qazlal
Sif Muna
Trog
Vehumet
Wu Jian
Xom
Yredelemnul
Zin
The Shining One
Jiyva

Shops:
D:5 (   Orc:2 :[=*?

Annotations:
D:7 2 transporters, Azzok's ghost, journeyman FoFi
D:11 2 runed translucent doors
D:12 2 runed translucent doors, Laiders72's ghost, journeyman MiBe
Lair:1 3 runed translucent doors, DavidChitty2's ghost, journeyman HOFi


Innate Abilities, Weirdness & Mutations

You cannot wear boots.
Your serpentine skin is tough. (AC +5)
You have supernaturally acute eyesight. (SInv)
Armour fits poorly on your strangely shaped body.
Your system is resistant to poisons. (rPois)
You cover ground very slowly.
You have a slow metabolism.
You can spit poison.
You can use your snake-like lower body to constrict enemies.
You have a pair of small horns on your head.
Your skin changes colour to match your surroundings (Stealth+).
You possess an exceptional clarity of mind.
Your magical capacity is low. (-10% MP)
You occasionally shout uncontrollably at your foes.


Message History

You feel much better.
You constrict the deep elf sorcerer, but do no damage.
You block the deep elf sorcerer's attack.
The deep elf archer shoots an arrow.
The arrow hits you!
* * * LOW HITPOINT WARNING * * *
Unknown command.
Unknown command.
Unknown command.
Blink to where?
Press: ? - help, Dir - move target cursor, p - deep elf sorcerer You lose your grip on something.
As you read the scroll of blinking, it crumbles to dust.
Your skin stops crawling.
Casting: Mephitic Cloud (safe; 3% risk of failure)
Confirm with . or Enter, or press ? or * to list all spells.
Your skin crawls.
The deep elf sorcerer points at you and mumbles some strange words.
The sphere of damnation explodes!
The damnation engulfs you!!!
You die...
Kikubaaqudgha rasps: "You have failed me!
Welcome... death!"

...##### #########
#......###.......##
#.......#.........##
#...E..............##
#...................##
#...e........@....<..+
#....eEe...?........##
#.e.(.............##
#.....e.[.(.........#
#....................#
#....................#
#...................)#
#....................+
.$...................#


You could see a deep elf sorcerer, a deep elf knight (wandering) and a water
elemental.

Vanquished Creatures
  Nessos (Lair:4)
  A dire elephant (Lair:6)
  A minotaur (Gauntlet)
  Snorg (D:9)
  Josephine (D:12)
  A death ooze (Gauntlet)
  A catoblepas (Lair:6)
  5 hydras
  4 two-headed ogres
  A deep troll shaman (Lair:6)
  A death knight (D:7)
  9 death yaks
  4 orc high priests (Orc:2)
  An unseen horror (D:12)
  6 orc knights
  An orange crystal statue (Gauntlet)
  A deep elf mage (D:12)
  4 orc sorcerers
  Maurice (D:8)
  15 elephants
  3 black mambas
  Joseph (D:7)
  A smoke demon (Gauntlet)
  Psyche (D:9)
  A gargoyle (D:11)
  11 spiny frogs
  2 rime drakes
  10 komodo dragons
  3 trolls
  2 polar bears (Lair:6)
  13 blink frogs
  Prince Ribbit (D:8)
  3 slime creatures (Gauntlet)
  6 hippogriffs
  5 dream sheep (Lair:5)
  3 wraiths (D:12)
  3 wyverns
  2 fire bats (Lair:5)
  21 yaks
  A fire elemental (Lair:5)
  A hungry ghost (D:10)
  A steam dragon (D:12)
  4 wargs (Orc:1)
  13 water moccasins
  Duvessa (D:7)
  10 porcupines
  3 ice beasts
  5 black bears
  26 orc warriors
  6 sky beasts
  4 boggarts (Lair:6)
  A necrophage (D:5)
  9 ogres
  5 phantoms
  10 wolves
  9 centaurs
  3 big kobolds
  22 crocodiles
  19 bullfrogs
  8 scorpions
  Dowan (D:7)
  A killer bee (D:7)
  3 wights
  8 howler monkeys
  2 electric eels
  7 crimson imps
  3 lava snakes
  2 bullfrog zombies
  2 centaur zombies
  4 hounds
  A quasit (D:8)
  A bullfrog skeleton (D:4)
  19 orc priests
  3 centaur skeletons
  4 jellies
  A gnoll shaman (D:10)
  Jessica (D:2)
  Natasha (twice) (D:2)
  11 iguanas
  23 orc wizards
  13 worker ants
  A hound zombie (D:7)
  2 hound skeletons
  A howler monkey zombie (D:10)
  3 worker ant zombies
  10 gnolls
  11 adders
  3 shadow imps
  2 adder skeletons
  2 adder zombies
  4 worms
  3 dart slugs
  11 leopard geckos
  93 orcs
  2 ball pythons
  4 bats
  5 giant cockroaches
  5 goblins
  8 hobgoblins
  16 jackals
  7 quokkas
  10 frilled lizards
  27 kobolds
  5 rats
  A fungus (Lair:5)
  2 plants (Lair:6)
663 creatures vanquished.

Vanquished Creatures (others)
  An ogre (D:8)
  A leopard gecko (Lair:5)
  A demonic plant (Gauntlet)
  A fire vortex (Lair:5)
  3 fungi
  2 plants (Lair:3)
9 creatures vanquished.

Grand Total: 672 creatures vanquished

Notes
Turn   | Place    | Note
-------+----------+-------------------------------------------
     0 | D:1      | GameOver the Naga Wizard began the quest for the Orb.
     0 | D:1      | Reached XP level 1. HP: 15/15 MP: 4/4
   118 | D:1      | Reached XP level 2. HP: 22/22 MP: 6/6
   329 | D:1      | Reached XP level 3. HP: 6/28 MP: 7/7
   333 | D:1      | Learned a level 2 spell: Blink
   337 | D:1      | Learned a level 3 spell: Mephitic Cloud
   796 | D:2      | Reached skill level 1 in Poison Magic
   933 | D:2      | Reached XP level 4. HP: 36/36 MP: 8/8
  1071 | D:2      | Noticed Jessica
  1071 | D:2      | Noticed Natasha
  1082 | D:2      | Killed Natasha
  1118 | D:2      | Killed Jessica
  1118 | D:2      | Reached XP level 5. HP: 5/42 MP: 6/9
  1329 | D:2      | Found a deep blue altar of Sif Muna.
  1450 | D:2      | Noticed Natasha
  1457 | D:2      | Killed Natasha
  1657 | D:3      | Found a snail-covered altar of Cheibriados.
  1690 | D:3      | Found a burning altar of Makhleb.
  1690 | D:3      | Noticed a green death
  2302 | D:4      | Found a blossoming altar of Fedhas.
  2383 | D:4      | Reached skill level 5 in Conjurations
  2383 | D:4      | Reached XP level 6. HP: 38/49 MP: 7/10
  2447 | D:4      | Learned a level 3 spell: Conjure Flame
  2448 | D:4      | Noticed a phantom
  2596 | D:4      | Killed a phantom
  2596 | D:4      | Reached XP level 7. HP: 25/55 MP: 2/11
  2709 | D:4      | Reached skill level 1 in Maces & Flails
  2727 | D:4      | Reached skill level 5 in Poison Magic
  2840 | D:5      | Entered Level 5 of the Dungeon
  2952 | D:5      | Reached skill level 5 in Stealth
  3080 | D:5      | Reached XP level 8. HP: 62/62 MP: 8/12
  3199 | D:5      | Reached skill level 1 in Fighting
  3311 | D:5      | Found Agifyfin's Weapon Boutique.
  3338 | D:5      | Found a basalt altar of Yredelemnul.
  3338 | D:5      | Found a glowing silver altar of Zin.
  3338 | D:5      | Found an ornate altar of the Wu Jian Council.
  3458 | D:5      | Found a shadowy altar of Dithmenos.
  3542 | D:5      | Found a shimmering altar of Xom.
  3543 | D:5      | Found a hazy altar of Hepliaklqana.
  3543 | D:5      | Noticed a torpor snail
  3544 | D:5      | Noticed a spectral ugly thing
  3544 | D:5      | Noticed a torpor snail
  3606 | D:5      | Found a bloodstained altar of Trog.
  3979 | D:6      | Found a staircase to the Ecumenical Temple.
  3990 | Temple   | Entered the Ecumenical Temple
  4025 | Temple   | Became a worshipper of Kikubaaqudgha
  4327 | D:6      | Found an opulent altar of Gozag.
  4414 | D:6      | Reached skill level 1 in Evocations
  4664 | D:7      | Reached XP level 9. HP: 76/78 MP: 11/14
  4804 | D:7      | Noticed a hornet
  4819 | D:7      | Noticed Dowan
  4821 | D:7      | Noticed Duvessa
  4828 | D:7      | Killed Dowan
  4840 | D:7      | Noticed Azzok's ghost (journeyman FoFi)
  4859 | D:7      | Killed Duvessa
  4859 | D:7      | Reached skill level 5 in Fighting
  4872 | D:7      | Found a transporter.
  4899 | D:7      | Noticed Joseph
  4922 | D:7      | Noticed a death knight
  4965 | D:7      | Reached * piety under Kikubaaqudgha
  4965 | D:7      | Identified Kikubaaqudgha's Grimoire of Dark Rites
                  | (Kikubaaqudgha gifted it to you on level 7 of the Dungeon)
  4965 | D:7      | Received a gift from Kikubaaqudgha
  4970 | D:7      | Learned a level 2 spell: Sublimation of Blood
  4974 | D:7      | Learned a level 3 spell: Regeneration
  5024 | D:7      | Reached skill level 1 in Necromancy
  5099 | D:7      | Found a white marble altar of Elyvilon.
  5195 | D:7      | Reached XP level 10. HP: 75/91 MP: 11/16
  5235 | D:7      | Reached skill level 1 in Charms
  5247 | D:7      | Found a glowing golden altar of the Shining One.
  5297 | D:7      | Reached skill level 5 in Necromancy
  5345 | D:7      | Killed Joseph
  5345 | D:7      | Reached skill level 5 in Evocations
  5658 | D:8      | Noticed a two-headed ogre
  5678 | D:8      | Killed a two-headed ogre
  5749 | D:8      | Noticed Maurice
  5767 | D:8      | Killed Maurice
  6057 | D:8      | Noticed Prince Ribbit
  6060 | D:8      | Reached ** piety under Kikubaaqudgha
  6068 | D:8      | Killed Prince Ribbit
  6499 | D:7      | Found a hazy altar of Hepliaklqana.
  6499 | D:7      | Found a white marble altar of Elyvilon.
  6548 | D:7      | Killed a death knight
  6548 | D:7      | Reached XP level 11. HP: 96/97 MP: 9/18
  6621 | D:7      | Found a hazy altar of Hepliaklqana.
  6838 | D:7      | Found an opulent altar of Gozag.
  6838 | D:7      | Found a transporter.
  6908 | D:9      | Noticed Psyche
  6939 | D:9      | Killed Psyche
  6939 | D:9      | Reached skill level 1 in Axes
  6939 | D:9      | Reached skill level 5 in Spellcasting
  6997 | D:9      | Gained mutation: You possess an exceptional clarity of
                  | mind. [potion of mutation]
  6997 | D:9      | Gained mutation: Your magical capacity is low. (-10% MP)
                  | [potion of mutation]
  6997 | D:9      | Gained mutation: Your skin changes colour to match your
                  | surroundings (Stealth+). [potion of mutation]
  6997 | D:9      | Gained mutation: You have a pair of small horns on your
                  | head. [potion of mutation]
  7167 | D:9      | Found a staircase to the Lair.
  7274 | D:9      | Found a glowing golden altar of the Shining One.
  7549 | D:9      | Found a bloodstained altar of Trog.
  7573 | D:10     | Entered Level 10 of the Dungeon
  7609 | D:10     | Reached *** piety under Kikubaaqudgha
  7609 | D:10     | Identified Kikubaaqudgha's Incunabulum of Sinister Rites
                  | (Kikubaaqudgha gifted it to you on level 10 of the Dungeon)
  7609 | D:10     | Received a gift from Kikubaaqudgha
  7614 | D:10     | Noticed Snorg
  7621 | D:10     | Reached skill level 1 in Armour
  7688 | D:9      | Killed Snorg
  7716 | D:9      | Upgraded the game from 0.24-a0-479-g9a978d2894 to
                  | 0.24-a0-486-ged8816983f
  7782 | D:10     | Learned a level 5 spell: Dispel Undead
  7874 | D:10     | Identified the cursed ring of Zioc {rF+ AC-3 Int+7}
  7948 | D:10     | Noticed a two-headed ogre
  7963 | D:10     | Killed a two-headed ogre
  8316 | D:11     | Reached skill level 5 in Axes
  8326 | D:11     | Noticed a six-headed hydra
  8392 | Lair:1   | Entered Level 1 of the Lair of Beasts
  8513 | Lair:1   | Reached **** piety under Kikubaaqudgha
  8796 | Lair:1   | Reached XP level 12. HP: 90/105 MP: 15/17
  8919 | Lair:1   | Found a runed translucent gate.
  8919 | Lair:1   | Found a runed translucent gate.
  8919 | Lair:1   | Found a runed translucent gate.
  8921 | Lair:1   | Found a viscous altar of Jiyva.
  8921 | Lair:1   | Noticed DavidChitty2's ghost (journeyman HOFi)
  8922 | Lair:1   | Found the ring of Robustness {AC+8}
  9445 | Lair:2   | Noticed a six-headed hydra
  9478 | Lair:2   | Noticed a four-headed hydra
  9488 | Lair:2   | Killed a four-headed hydra
  9552 | Lair:2   | Killed a six-headed hydra
 10314 | Lair:3   | Found a gate leading to a gauntlet.
 10314 | Lair:3   | Found a staircase to the Shoals.
 10321 | Gauntlet | Entered a Gauntlet
 10321 | Gauntlet | Found a transporter.
 10321 | Gauntlet | Found a transporter.
 10326 | Gauntlet | Found a transporter.
 10334 | Gauntlet | Found a transporter.
 10366 | Gauntlet | Found a transporter.
 10381 | Gauntlet | Found a transporter.
 10398 | Gauntlet | Noticed a death ooze
 10404 | Gauntlet | Got a flickering lead amulet
 10412 | Gauntlet | Found a transporter.
 10417 | Gauntlet | Found a transporter.
 10426 | Gauntlet | Found a transporter.
 10439 | Gauntlet | Killed a death ooze
 10439 | Gauntlet | Reached skill level 5 in Armour
 10458 | Gauntlet | Reached skill level 10 in Necromancy
 10465 | Gauntlet | Found a transporter.
 10466 | Gauntlet | Noticed a cacodemon
 10509 | Gauntlet | Noticed a minotaur
 10536 | Gauntlet | Killed a minotaur
 10563 | Lair:3   | Identified the amulet of Wiesm {+Inv +Fly rN+ MR+ Regen+}
                  | (You found it in a Gauntlet)
 10720 | Lair:3   | Noticed a seven-headed hydra
 10724 | Lair:3   | HP: 5/105 [seven-headed hydra (11)]
 10842 | Lair:4   | Got a transparent great sword
 10867 | Lair:4   | Reached ***** piety under Kikubaaqudgha
 10867 | Lair:4   | Reached skill level 1 in Shields
 11067 | Lair:3   | Gained mutation: You can use your snake-like lower body to
                  | constrict enemies. [Naga growth]
 11067 | Lair:3   | Reached XP level 13. HP: 97/111 MP: 5/18
 11219 | Lair:3   | Reached skill level 10 in Axes
 11252 | Lair:3   | Found a hole to the Spider Nest.
 11281 | Lair:3   | Identified the +3 great sword "Beastslayer" {flame, rF+ rC-
                  | MR+} (You found it on level 4 of the Lair of Beasts)
 11414 | Lair:3   | Upgraded the game from 0.24-a0-486-ged8816983f to
                  | 0.24-a0-489-g1c7b743a30
 11958 | Lair:4   | Noticed Nessos
 11983 | Lair:4   | Killed Nessos
 12549 | Lair:5   | You fall into a shaft and drop 1 floor!
 12549 | Lair:6   | Entered Level 6 of the Lair of Beasts
 12575 | Lair:5   | Found a viscous altar of Jiyva.
 12575 | Lair:5   | Found a staircase to the Slime Pits.
 12640 | Lair:5   | Learned a level 5 spell: Agony
 13028 | Lair:5   | Reached XP level 14. HP: 123/126 MP: 11/22
 13045 | Lair:5   | Reached ****** piety under Kikubaaqudgha
 13164 | Lair:5   | Got a warped lead amulet
 13166 | Lair:5   | Identified the amulet "Wotuaph" {*Drain +Rage +Inv Dex-3
                  | SInv} (You found it on level 5 of the Lair of Beasts)
 14340 | Lair:6   | Noticed a dire elephant
 14419 | Lair:6   | Killed a dire elephant
 14419 | Lair:6   | Reached skill level 10 in Fighting
 14440 | Lair:6   | Got a crude wooden ring
 14442 | Lair:6   | Identified the ring "Oblan" {Fire MP+9} (You found it on
                  | level 6 of the Lair of Beasts)
 14722 | Temple   | Identified a +5 war axe of pain (a cursed +3 war axe
                  | bloodied by Kikubaaqudgha)
 14722 | Temple   | Received a gift from Kikubaaqudgha
 14959 | D:11     | You fall into a shaft and drop 1 floor!
 14990 | D:12     | Found a white marble altar of Elyvilon.
 15037 | D:12     | Found a runed translucent door.
 15057 | D:11     | Found a runed translucent door.
 15057 | D:11     | Found a runed translucent door.
 15059 | D:11     | Found the +2 shield of Resistance {rF+ rC+ MR+}
 15158 | D:11     | Found a staircase to the Orcish Mines.
 15471 | D:12     | Found a runed translucent door.
 15530 | D:12     | Identified a scroll of acquirement
 15662 | D:12     | Noticed Laiders72's ghost (journeyman MiBe)
 15663 | D:12     | Noticed a lich
 15663 | D:12     | Noticed a storm dragon
 15844 | D:12     | Noticed Josephine
 15870 | D:12     | Killed Josephine
 16164 | Orc:1    | Entered Level 1 of the Orcish Mines
 16319 | Orc:2    | Entered Level 2 of the Orcish Mines
 16731 | Orc:2    | Reached XP level 15. HP: 140/140 MP: 18/25
 16770 | Orc:2    | Found a radiant altar of Vehumet.
 16829 | Orc:2    | Found Lubboll's Magic Scroll Shoppe.
 16837 | Orc:2    | Bought a scroll of identify for 30 gold pieces
 16837 | Orc:2    | Bought a scroll of identify for 30 gold pieces
 17036 | Orc:2    | Gained mutation: You occasionally shout uncontrollably at
                  | your foes. [a neqoxec]
 17055 | Orc:2    | Found Itig Mui's Assorted Antiques.
 17055 | Orc:2    | Found Fotifeg's Book Shoppe.
 17068 | Orc:2    | Found Wuqee's Jewellery Boutique.
 17068 | Orc:2    | Found Qaf Imp's Antique Armour Shoppe.
 17074 | Orc:2    | Bought a scroll of enchant weapon for 232 gold pieces
 17085 | Orc:2    | Learned a level 5 spell: Irradiate
 17273 | Orc:2    | Reached skill level 10 in Spellcasting
 17373 | Orc:2    | Found a staircase to the Elven Halls.
 17470 | Elf:1    | Entered Level 1 of the Elven Halls
 17477 | Elf:1    | Noticed a deep elf sorcerer
 17482 | Elf:1    | HP: 5/140 [deep elf knight/stone arrow (30)]
 17486 | Elf:1    | Killed from afar by a deep elf sorcerer

Levels and vault maps discovered:
D:1:      evilmike_arrival_run_for_it, layout_basic
D:2:      layout_loops_cross, overflow_temple_1_default, uniq_jessica,
          uniq_natasha
D:3:      layout_basic, cheibriados_altar_1, makhleb_altar_promises_db
D:4:      wad_pebble_path, layout_rooms, lemuel_doored_altar, first_ration
D:5:      kennysheep_big_flooded_room, layout_loops_ring, grunt_dithmenos_smoke,
          chequers_temple_overflow_statue_of_worship,
          regret_index_temple_of_mockery, serial_shops, kennysheep_little_box,
          minmay_misc_feat_iff, hangedman_decor_diamond_cutter, bloody_trog
D:6:      layout_basic, minmay_temple_entry_proselytizer,
          nicolae_gozag_cash_rules_everything_around_me
D:7:      minmay_the_grid_octo_tiled_squarecenter [minmay_the_grid_octo_shrine,
          minmay_the_grid_octo_checkerflower,
          minmay_the_grid_octo_vomiting_pacman, minmay_the_grid_octo_horde,
          minmay_the_grid_square_5x5_megaprize_open,
          minmay_the_grid_square_5x5_two_small, minmay_the_grid_square_5x5_six,
          minmay_the_grid_square_5x5_meh, minmay_the_grid_square_5x5_n_small],
          layout_rooms, kennysheep_mini, gammafunk_ghost_hive, uniq_joseph,
          uniq_duvessa
D:8:      layout_basic, nrook_campfire, grunt_ogre_cave,
          kennysheep_cluttered_room, minmay_crystal_room, uniq_prince_ribbit1,
          uniq_maurice
D:9:      layout_rooms, nicolae_tso_carved_into_rock,
          lemuel_coloured_pillars_altar, lair_entry_dummy, uniq_psyche
D:10:     layout_rooms, uniq_snorg
D:11:     layout_big_octagon, orc_0_dummy, minmay_guarded_unrand_resistance
D:12:     layout_roguey, muffindrake_ghost_dual_entry, elyvilon_altar_5,
          uniq_josephine
Temple:   grunt_temple_mini_profane
Lair:1:   wander_river, layout_cave_pods, gammafunk_ghost_ooze,
          chequers_serial_rivers_micro_e
Lair:2:   layout_regular_city
Lair:3:   layout_regular_city, elwin_shoals_entry_rocks,
          spider_nest_entry_web_field, gauntlet_entry_generic,
          beast_lair_carwin_5
Lair:4:   layout_cave_pods, grunt_megastairs_2, uniq_nessos
Lair:5:   lemuel_reptile_caves, layout_gridlike, slime_altar_1
Lair:6:   grunt_lair_end_beastmaster, layout_long_grid, kilobyte_rumbling_trees,
          serial_bayou_shore_a
Orc:1:    layout_caves
Orc:2:    grunt_orc_tribal_feast, layout_caves, basic_altar, serial_shops, shop
Elf:1:    layout_gridlike, minmay_elf_crystal_hexagon, minmay_misc_feat_pillars,
          nemelex_altar_shiori, uniq_kirke

Skill      XL: |  1  2  3  4  5  6  7  8  9 10 11 12 13 14 15 |
---------------+----------------------------------------------+-----
Conjurations   | 2 3 4 5 6 |  6.0
Poison Magic   | 1 2 3 4 5 6 8 |  8.0
Maces & Flails | 2 4 |  4.0
Stealth        | 5 6 |  6.2
Fighting       | 4 6 8 10 | 10.8
Translocations | 2 |  2.0
Evocations     | 1 4 6 |  6.0
Spellcasting   | 4 5 7 9 10 | 10.0
Necromancy     | 4 7 9 10 11 | 11.5
Charms         | 4 |  4.2
Axes           | 6 9 11 | 11.7
Armour         | 3 5 |  5.0
Shields        | 2 3 |  3.0
Dodging        | |  1.5
Summonings     | |  1.0
Transmutations | |  0.6
Fire Magic     | |  0.6

Action                   |  1- 3 |  4- 6 |  7- 9 | 10-12 | 13-15 || total
-------------------------+-------+-------+-------+-------+-------++-------
Melee: Whip              |       |     6 |       |       |       ||     6
       Mace              |       |       |    31 |       |       ||    31
       Quarterstaff      |       |       |    82 |   201 |       ||   283
       Broad axe         |       |       |       |   386 |   654 ||  1040
       Headbutt          |       |       |       |    60 |   113 ||   173
       Constrict         |       |       |       |       |   145 ||   145
       Morningstar       |       |       |       |       |     7 ||     7
       War axe           |       |       |       |       |     5 ||     5
 Fire: Shortbow          |       |       |       |    28 |       ||    28
 Cast: Magic Dart        |    25 |    82 |   130 |    99 |       ||   336
       Mephitic Cloud    |       |     1 |    27 |    78 |    64 ||   170
       Conjure Flame     |       |       |     8 |    22 |    41 ||    71
       Blink             |       |       |     4 |    21 |     9 ||    34
       Regeneration      |       |       |     4 |    49 |    26 ||    79
       Dispel Undead     |       |       |       |     3 |     4 ||     7
       Agony             |       |       |       |       |     6 ||     6
Invok: Brand Weapon With |       |       |       |       |     1 ||     1
 Abil: Spit Poison       |    31 |    50 |    85 |   123 |   125 ||   414
Evoke: Wand              |       |       |    10 |     3 |     4 ||    17
       Lightning rod     |       |       |       |       |     2 ||     2
  Use: Potion            |       |     1 |       |    11 |     2 ||    14
       Scroll            |       |     3 |     3 |    13 |    16 ||    35
 Stab: Confused          |       |       |     9 |    31 |    42 ||    82
       Sleeping          |       |       |     2 |     2 |     3 ||     7
       Distracted        |       |       |       |     1 |       ||     1
       Invisible         |       |       |       |     2 |       ||     2
  Eat: Chunk             |     1 |     8 |    12 |    26 |    30 ||    77
       Ration            |       |       |     1 |     3 |       ||     4
Armor: Robe              |     5 |    13 |    41 |    87 |       ||   146
       Troll leather arm |       |       |       |   267 |   273 ||   540
Dodge: Dodged            |     5 |    24 |    49 |   318 |   200 ||   596
Block: Buckler           |       |       |       |    21 |   173 ||   194

Table legend:
 A = Non-vault XP
 B = Vault XP
 C = Vault XP percentage of total XP
 D = Non-vault monster count
 E = Vault monster count
 F = Vault count percentage of total count
                 A         B        C        D         E       F
            +---------+---------+-------+---------+---------+-------
      Total |   59334 |   34547 |  36.8 |     517 |     145 |  21.9
            +---------+---------+-------+---------+---------+-------
        D:1 |      50 |       5 |   9.1 |      14 |       1 |   6.7
        D:2 |      83 |      73 |  46.8 |      23 |       2 |   8.0
        D:3 |      45 |       0 |   0.0 |      21 |       0 |   0.0
        D:4 |     637 |       0 |   0.0 |      22 |       0 |   0.0
        D:5 |     847 |      39 |   4.4 |      20 |       2 |   9.1
        D:6 |     471 |      41 |   8.0 |      18 |       1 |   5.3
        D:7 |    1690 |    3061 |  64.4 |      41 |      25 |  37.9
        D:8 |    1597 |     843 |  34.5 |      14 |       3 |  17.6
        D:9 |    1461 |    1572 |  51.8 |      33 |       2 |   5.7
       D:10 |    2699 |       0 |   0.0 |      37 |       0 |   0.0
       D:11 |    2992 |       0 |   0.0 |      33 |       0 |   0.0
       D:12 |    4652 |    1731 |  27.1 |      28 |       4 |  12.5
     Lair:1 |    3897 |       0 |   0.0 |      20 |       0 |   0.0
     Lair:2 |    4967 |       0 |   0.0 |      16 |       0 |   0.0
     Lair:3 |    7205 |    1522 |  17.4 |      26 |       6 |  18.8
     Lair:4 |    4452 |    1712 |  27.8 |      20 |       4 |  16.7
     Lair:5 |    9969 |     948 |   8.7 |      37 |      26 |  41.3
     Lair:6 |    5282 |   12220 |  69.8 |      19 |      29 |  60.4
      Orc:1 |    3366 |     650 |  16.2 |      39 |       2 |   4.9
      Orc:2 |    2972 |    5959 |  66.7 |      36 |      28 |  43.8
   Gauntlet |       0 |    4171 | 100.0 |       0 |      10 | 100.0
            +---------+---------+-------+---------+---------+-------
